 Dungeon Crawl Stone Soup version 0.30-a0-800-g7c544603b3 (webtiles) character file.

Game seed: 14880668331490502005

118 cforsyth the Ducker (level 5, 0/32 HPs)
             Began as a Kobold Gladiator on Feb 21, 2023.
             Killed by divine providence
             ... invoked by an orc priest
              (15 damage)
             ... on level 3 of the Dungeon.
             The game lasted 00:03:54 (2084 turns).

cforsyth the Ducker (Kobold Gladiator)              Turns: 2084, Time: 00:03:55

Health: 0/32       AC:  4    Str: 11    XL:     5   Next: 23%
Magic:  5/5        EV: 16    Int:  9    God:
Gold:   136        SH:  0    Dex: 19    Spells: 4/4 levels left

rFire   . . .      SeeInvis .    a - +0 long sword
rCold   . . .      Faith    .    (no shield)
rNeg    . . .      Spirit   .    b - +0 leather armour
rPois   .          Reflect  .    c - +0 helmet
rElec   .          Harm     .    k - scarf {repulsion}
rCorr   .          Rampage  .    (no gloves)
Will    .....                    (no boots)
Stlth   +++                      (no amulet)
HPRegen 0.25/turn                (no ring)
MPRegen 0.09/turn                (no ring)

@: repel missiles
A: small, no large weapons, nightstalker 3
a: no special abilities


You were on level 3 of the Dungeon.
You visited 1 branch of the dungeon, and saw 3 of its levels.

You collected 136 gold pieces.

Inventory:

Hand Weapons
 a - a +0 long sword (weapon)
Missiles
 d - 3 throwing nets (quivered)
 e - 2 boomerangs
Armour
 b - a +0 leather armour (worn)
 c - a +0 helmet (worn)
 k - a scarf of repulsion (worn)
Scrolls
 f - a scroll of vulnerability {unknown}
 h - a scroll of enchant armour {unknown}
 j - 4 scrolls of identify {unknown}
 l - 2 scrolls of teleportation {unknown}
 p - a scroll of poison {unknown}
Potions
 g - a potion of invisibility {unknown}
 i - a potion of ambrosia {unknown}
 m - a potion of might {unknown}
 n - a potion of flight {unknown}
 o - a potion of mutation {unknown}
 q - a potion of curing {unknown}
 r - a potion of haste {unknown}


   Skills:
 + Level 3.2 Fighting
 + Level 3.0 Long Blades
 - Level 2.1 Throwing
 + Level 4.6 Dodging
 + Level 3.1 Stealth


You had 4 spell levels left.
You didn't know any spells.
Your spell library contained the following spells:

 Spells                   Type           Power      Damage    Failure   Level
 Scorch                   Fire           0%         2d5       63%         2
 Flame Wave               Conj/Fire      0%         2d4       99%         4
 Blade Hands              Tmut           0%         N/A       100%        5
 Irradiate                Conj/Tmut      0%         3d11      100%        5
 Summon Cactus Giant      Summ           0%         N/A       100%        6
 Dragon Form              Tmut           0%         N/A       100%        7


Dungeon Overview and Level Annotations

Branches:
Dungeon (3/15)

Altars:
Elyvilon
Trog
Xom

Shops:
D:3 [(

Annotations:
D:3 Grinder


Innate Abilities, Weirdness & Mutations

You are small and have problems with some larger weapons.
You are completely attuned to the shadows.


Message History

You are too injured to fight recklessly!
You are too injured to fight recklessly!
You are too injured to fight recklessly!
You are too injured to fight recklessly!
You are too injured to fight recklessly!
The orc priest attacks as you move away!
The orc priest completely misses you. The bat misses you.
The orc hits you with a +0 club. The orc attacks as you move away!
The orc barely misses you. The bat misses you.
Grinder blinks!
The orc attacks as you move away! The orc closely misses you.
The orc priest invokes the aid of Beogh against you.
You barely resist. The orc attacks as you move away! The orc misses you.
There is a large open door here.
The orc attacks as you move away! The orc closely misses you.
The orc priest casts a cantrip, but nothing happens.
The orc attacks as you move away! The orc hits you with a +0 club.
* * * LOW HITPOINT WARNING * * *
The orc attacks as you move away! The orc hits you but does no damage.
The orc priest looks encouraged for a moment.
The orc attacks as you move away! The orc hits you but does no damage.
The orc attacks as you move away! The orc closely misses you.
The orc attacks as you move away! The orc barely misses you.
The orc attacks as you move away! The orc hits you with a +0 club.
* * * LOW HITPOINT WARNING * * *
The orc attacks as you move away! The orc barely misses you.
The orc attacks as you move away! The orc misses you.
The orc attacks as you move away! The orc misses you.
There is a stone staircase leading up here.
The orc attacks as you move away! The orc barely misses you.
The orc attacks as you move away! The orc completely misses you.
The orc attacks as you move away! The orc hits you but does no damage.
The orc attacks as you move away! The orc closely misses you.
The orc attacks as you move away! The orc closely misses you.
There is a stone staircase leading up here.
The orc closely misses you. The orc misses you.
The orc priest invokes the aid of Beogh against you.
Beogh smites you!
You die...

#.# #.###.##.# #.# #.#
#.##.# ##'## ##.###.##.#
##...## #......)..#
##.....## #..##o...∩#
##.......## #.........#
##.........###..o......#
.'.........+..>.o......#
##.........###..@......#
##.......## #.#.......
##.....## #.###...#.
##...## #......>.. ##+##
###.#.##### #.#
#.......# #.#
###.......#
######.#######.........#
#..............#.......#


You could see an orc priest and 2 orcs.

Vanquished Creatures
  Robin (D:2)
  2 adders (D:2)
  A worm (D:3)
  3 dart slugs
  An orc (D:3)
  5 ball pythons
  4 bats
  5 endoplasms
  2 giant cockroaches
  16 goblins
  11 hobgoblins
  3 jackals (D:1)
  5 quokkas
  A frilled lizard (D:1)
  3 kobolds (D:3)
  7 rats
70 creatures vanquished.

Notes
Turn   | Place    | Note
-------+----------+-------------------------------------------
     0 | D:1      | cforsyth the Kobold Gladiator began the quest for the Orb.
     0 | D:1      | Reached XP level 1. HP: 12/12 MP: 1/1
   169 | D:1      | Reached skill level 1 in Stealth
   169 | D:1      | Reached XP level 2. HP: 18/18 MP: 2/2
   218 | D:1      | Reached skill level 4 in Dodging
   221 | D:1      | Reached XP level 3. HP: 8/22 MP: 3/3
   755 | D:2      | Reached XP level 4. HP: 24/27 MP: 4/4
   794 | D:2      | Noticed Robin
  1242 | D:2      | Killed Robin
  1248 | D:2      | Reached XP level 5. HP: 32/32 MP: 5/5
  1773 | D:3      | Found Foinwysh's Antique Armour Boutique.
  1848 | D:3      | Found Sati's Weapon Emporium.
  2027 | D:3      | Found a white marble altar of Elyvilon.
  2027 | D:3      | Found a bloodstained altar of Trog.
  2030 | D:3      | Found a shimmering altar of Xom.
  2032 | D:3      | Noticed Grinder
  2084 | D:3      | Killed from afar by an orc priest

Illustrated notes

Levels and vault maps discovered:
D:1:      lemuel_arrival_behind_the_door_small, layout_basic
D:2:      minmay_spotlight, layout_loops_ring, uniq_robin
D:3:      layout_loops_corners, minmay_overflow_temple_hex, serial_shops,
          nicolae_shop_statue_plus, shop, minmay_crystal_room, uniq_grinder

Skill      XL: |  1  2  3  4  5 |
---------------+----------------+-----
Stealth        | 1 2 3 |  3.1
Dodging        | 4 |  4.6
Fighting       | 3 |  3.2
Long Blades    | 3 |  3.0
Throwing       | |  2.1

Action                     |  1- 3 |  4- 6 || total
---------------------------+-------+-------++-------
  Melee: Long sword        |   101 |    77 ||   178
   Stab: Sleeping          |    10 |     7 ||    17
 Armour: Leather armour    |    28 |    23 ||    51
  Dodge: Dodged            |   111 |    88 ||   199

Table legend: (Time is in decaauts)
 A = Elapsed time spent in this place.
 B = Non-inter-level travel time spent in this place.
 C = Inter-level travel time spent in this place.
 D = Time resting spent in this place.
 E = Time spent auto-exploring this place.
 F = Levels seen in this place.
 G = Mean time per level.
                   A        B        C        D        E       F      G
               +--------+--------+--------+--------+--------+-----+--------+
         Total |   2130 |   2082 |     48 |      0 |   1577 |   3 |  710.0 |
       Dungeon |   2130 |   2082 |     48 |      0 |   1577 |   3 |  710.0 |
               +--------+--------+--------+--------+--------+-----+--------+

Top non-repeatable levels by time:
     D:2: 883 daAuts
     D:1: 690 daAuts
     D:3: 556 daAuts
